 Dungeon Crawl Stone Soup version 0.25-b1-50-g7b83aa7 (webtiles) character file.

Game seed: 13321295594071398335

78 Bronimir the Ducker (level 4, 0/33 HPs)
             Began as a Demonspawn Gladiator on June 12, 2020.
             Was an Initiate of Okawaru.
             Slain by a gnoll
             ... wielding a +0 flail
              (9 damage)
             ... on level 2 of the Dungeon.
             The game lasted 00:02:29 (1922 turns).

Bronimir the Ducker (Demonspawn Gladiator)          Turns: 1922, Time: 00:02:30

Health: 0/33       AC:  5    Str: 15    XL:     4   Next: 15%
Magic:  4/4        EV: 13    Int:  9    God:    Okawaru [......]
Gold:   75         SH:  0    Dex: 15    Spells: 3/3 levels left

rFire    . . .     SeeInvis .   a - +0 war axe
rCold    . . .     Gourm    .   (no shield)
rNeg     . . .     Faith    .   b - +0 leather armour
rPois    .         Spirit   .   (helmet restricted)
rElec    .         Reflect  .   i - +0 cloak
rCorr    .         Harm     .   (no gloves)
MR       .....                  g - +0 pair of boots
Stlth    +++.......             (no amulet)
HPRegen  0.11/turn              (no ring)
MPRegen  0.09/turn              (no ring)

@: no status effects
A: antennae 1, nightstalker 2
a: Renounce Religion


You were on level 2 of the Dungeon.
You worshipped Okawaru.
Okawaru was noncommittal.
You were not hungry.

You visited 1 branch of the dungeon, and saw 2 of its levels.

You collected 75 gold pieces.

Inventory:

Hand Weapons
 a - a +0 war axe (weapon)
Missiles
 d - 3 throwing nets (quivered)
 e - 35 stones
 m - 20 arrows
Armour
 b - a +0 leather armour (worn)
 c - a +0 helmet
 g - a +0 pair of boots (worn)
 i - a +0 cloak (worn)
Jewellery
 n - an uncursed amulet of inaccuracy
Scrolls
 j - 2 scrolls of identify
 k - a scroll of fog {unknown}
Potions
 h - a potion of curing
 l - a potion of might {unknown}
Comestibles
 f - 3 rations
 o - 3 chunks of flesh


   Skills:
 * Level 2.2 Fighting
 * Level 3.3 Axes
 - Level 2.1 Throwing
 * Level 1.2 Armour
 * Level 3.3 Dodging
 * Level 0.7 Invocations


You had 3 spell levels left.
You didn't know any spells.
Your spell library was empty.

Dungeon Overview and Level Annotations

Branches:
Dungeon (2/15)

Altars:
Okawaru
Wu Jian


Innate Abilities, Weirdness & Mutations

You have a pair of small antennae on your head.
You are significantly more attuned to the shadows.


Message History

You closely miss the gnoll.
The gnoll is moderately wounded.
The gnoll hits you but does no damage.
You barely miss the gnoll.
The gnoll is moderately wounded.
The gnoll completely misses you.
You hit the gnoll.
The gnoll is heavily wounded.
The gnoll closely misses you.
You barely miss the gnoll.
The gnoll is heavily wounded.
The gnoll hits you with a +0 flail.
* * * LOW HITPOINT WARNING * * *
You closely miss the gnoll.
The gnoll is heavily wounded.
The gnoll barely misses you.
You hit the gnoll.
The gnoll is heavily wounded.
The gnoll hits you with a +0 flail!
You die...

#.......#.# #.####.##.# #.#
#.##.# #.# #....# #.# ######
## #.###########.
#.#...........
##.#############.#.#########.
...........g@................
#.###.#########.#..###.#####
#)..# ######.#..# #.÷.#
#.....##......#..#####.###
#..?....#.##.###.......÷..#
!...._..... #..###.#########
###.......#####.###.#
##.....## #..##.# ##...##
#####.##.#


You could see a gnoll.

Vanquished Creatures
  2 gnolls (D:2)
  2 adders (D:2)
  4 dart slugs
  3 leopard geckos
  6 bats
  2 giant cockroaches
  2 goblins (D:1)
  5 hobgoblins (D:1)
  3 kobolds
  A frilled lizard (D:1)
30 creatures vanquished.

Notes
Turn   | Place    | Note
-------+----------+-------------------------------------------
     0 | D:1      | Bronimir the Demonspawn Gladiator began the quest for the
                  | Orb.
     0 | D:1      | Reached XP level 1. HP: 16/16 MP: 1/1
   266 | D:1      | Gained mutation: You have a pair of small antennae on your
                  | head. [demonic ancestry]
   266 | D:1      | Reached XP level 2. HP: 22/22 MP: 2/2
   299 | D:1      | Found an iron altar of Okawaru.
  1124 | D:1      | Became a worshipper of Warmaster Okawaru
  1184 | D:2      | Gained mutation: You are slightly more attuned to the
                  | shadows. [demonic ancestry]
  1184 | D:2      | Reached XP level 3. HP: 27/27 MP: 3/3
  1688 | D:2      | Reached skill level 1 in Armour
  1899 | D:2      | Found an ornate altar of the Wu Jian Council.
  1913 | D:2      | Gained mutation: You are significantly more attuned to the
                  | shadows. [demonic ancestry]
  1913 | D:2      | Reached XP level 4. HP: 19/33 MP: 4/4
  1922 | D:2      | Slain by a gnoll

Illustrated notes

Levels and vault maps discovered:
D:1:      dpeg_arrival_three_same_balls, layout_basic, okawaru_ov_weapons_minmay
D:2:      layout_basic, lemuel_round_altar, minmay_tetromino_l4

Skill      XL: |  1  2  3 |
---------------+----------+-----
Throwing       | 2 |  2.1
Dodging        | 3 |  3.3
Axes           | 3 |  3.3
Armour         | 1 |  1.2
Fighting       | |  2.2
Invocations    | |  0.7

Action                   |  1- 3 |  4- 6 || total
-------------------------+-------+-------++-------
Melee: War axe           |    83 |     9 ||    92
  Use: Scroll            |     3 |       ||     3
 Stab: Sleeping          |     1 |       ||     1
  Eat: Chunk             |     3 |       ||     3
Armor: Leather armour    |    29 |     1 ||    30
Dodge: Dodged            |    89 |     5 ||    94
